AoeStats
← Go Georgie Go

Arabia

504369853Analyzed
1v1 RM · 27d ago on Sep 5, 2026· 34m 23s· 2 players
Game mode
Random Map
Map size
Tiny (2 player)
Population
200
Speed
Normal
Resources
Standard
Victory
Conquest
Starting age
Dark Age
Ending age
Imperial Age
RankedLock teamsTeams togetherTeam positionsShared explorationLock speedFull tech treeHidden civsTurbo modeCheats
Victory
Defeat
🇧🇪 Franks · Belgium
679
+16
🇭🇰 Persians · Hong Kong SAR China
677
-16
Go Georgie Go
4:06 Loom
12:16 Feudal Age
12:42 Double-Bit Axe
12:40 Horse Collar
17:48 Forging
17:38 Scale Mail Armor
18:46 Scale Mail Armor
21:56 Wheelbarrow
25:46 Castle Age
24:25 Bloodlines
25:38 Scale Barding Armor
Hinkel
10:20 Loom
12:19 Feudal Age
16:32 Castle Age
14:25 Double-Bit Axe
Connection lost

Rejoining the realm…

Still unreachable

The connection could not be restored.

Session expired

The server has moved on; the page needs a fresh start.